 Dungeon Crawl Stone Soup version 0.15-a0-462-gf669498 (webtiles) character file.

200 PolkaDot the Insei (level 4, -1/31 HPs)
             Began as a Vampire Transmuter on May 7, 2014.
             Slain by a scorpion (5 damage)
             ... on Level 3 of the Dungeon.
             The game lasted 00:05:40 (1509 turns).

PolkaDot the Insei (Vampire Transmuter)             Turns: 1509, Time: 00:05:40

HP  -1/31        AC  4     Str  9      XL: 4   Next: 62%
MP   6/7         EV 12     Int 16      God:
Gold 89          SH  0     Dex 14      Spells:  1 memorised,  6 levels left

rFire  . . .     SeeInvis +       - Unarmed
rCold  . . .     Clarity  .     c - +0 robe
rNeg   . . .     Conserve .     (no shield)
rPois  .         rCorr    .     n - +2 hat
rElec  .         rRot     .     (no cloak)
SustAb . .       Spirit   .     (no gloves)
rMut   .         Warding  .     (no boots)
Saprov . . .     Stasis   .     (no amulet)
MR     .....                    (no ring)
                                (no ring)

@: appendage, regenerating quickly, lethally poisoned, not resistant to hostile
enchantments, very unstealthy
A: fangs 3, horns 2, see invisible, unbreathing
a: End Transformation


You were on level 3 of the Dungeon.
You were very full.
You had grown temporary horns.
You visited 1 branch of the dungeon, and saw 3 of its levels.

You collected 89 gold pieces.

Inventory:

Missiles
 b - 12 arrows
Armour
 c - a +0 robe (worn)
 n - a +2 hat (worn)
Scrolls
 e - a scroll of enchant armour {unknown}
 f - a scroll of teleportation {unknown}
 g - 2 scrolls of identify {unknown}
 h - 3 scrolls of blinking {unknown}
 k - a scroll of magic mapping {unknown}
 m - a scroll of remove curse {unknown}
Potions
 a - a potion of invisibility {unknown}
 i - 6 potions of curing {unknown}
 j - a potion of heal wounds {unknown}
 l - a potion of restore abilities {unknown}
Books
 d - a book of Changes

   Spells                             Type                      Level
   *Beastly Appendage                 Transmutation                1
   Sticks to Snakes                   Transmutation                2
   Spider Form                        Transmutation/Poison         3
   Ice Form                           Ice/Transmutation            4
   Blade Hands                        Transmutation                5


   Skills:
 - Level 0.8 Fighting
 - Level 2.1 Dodging
 + Level 6.0 Unarmed Combat
 - Level 2.0 Spellcasting
 - Level 2.1 Transmutations


You had 6 spell levels left.
You knew the following spells:

 Your Spells              Type           Power        Failure   Level  Hunger
a - Beastly Appendage     Trmt           #.....       10%         1    #......


Dungeon Overview and Level Annotations

Branches:
Dungeon (3/15)

Altars:
Trog


Innate Abilities, Weirdness & Mutations

Your natural rate of healing is unusually fast.
You have razor-sharp teeth.*
You have supernaturally acute eyesight.
You can survive without breathing.*
You have a pair of horns on your head.*


Message History

The scorpion poisons you!
You barely miss the scorpion.
The scorpion is heavily wounded.
You feel sick.
You hit the scorpion.
The scorpion is heavily wounded.
The scorpion stings you.
You hit the scorpion but do no damage.
You headbutt the scorpion, but do no damage.
You bite the scorpion.
The scorpion is heavily wounded.
You feel sick. The scorpion stings you!
You barely miss the scorpion.
The scorpion is heavily wounded.
The scorpion stings you!
* * * LOW HITPOINT WARNING * * *
You completely miss the scorpion. You headbutt the scorpion.
The scorpion is severely wounded.
You feel sick. The scorpion stings you.
You die...

#.....##...#.#
#.
#............#
#.
#.#...##...###
#.
..#....###.##
#. ###.##..#
#.# #. #. #..#
#.# #. #. #..#
#.# #.
#######.##..#
#.# #.
........@...#
#.# #.
#######s###.#
#.# #. #. #<#
#.########. #.
#.# #..........
#. #.#
####....... #(
#.######.######
#.
............###
##
###########....
#####


You could see a scorpion.

Vanquished Creatures
  7 adders
  A giant mite (D:3)
  3 hobgoblins
  7 bats
  4 giant cockroaches
  A giant gecko (D:2)
  2 giant newts
  9 goblins
  2 kobolds
  5 rats
41 creatures vanquished.

Notes
Turn   | Place    | Note
--------------------------------------------------------------
     0 | D:1      | PolkaDot, the Vampire Transmuter, began the quest for the Orb.
     0 | D:1      | Reached XP level 1. HP: 14/14 MP: 3/3
   151 | D:1      | Learned a level 1 spell: Beastly Appendage
   192 | D:1      | Reached XP level 2. HP: 20/20 MP: 4/4
   204 | D:1      | Reached skill level 4 in Unarmed Combat
   680 | D:2      | Reached XP level 3. HP: 21/25 MP: 4/6
   744 | D:2      | Reached skill level 5 in Unarmed Combat
   821 | D:2      | Found a bloodstained altar of Trog.
   996 | D:2      | Reached XP level 4. HP: 13/31 MP: 7/7
  1492 | D:3      | Reached skill level 6 in Unarmed Combat
  1509 | D:3      | Slain by a scorpion

Action                   |  1- 3 |  4- 6 || total
-------------------------+-------+-------++-------
Melee: Unarmed           |   116 |    37 ||   153
 Cast: Beastly Appendage |     5 |     3 ||     8
  Use: Potion            |     1 |       ||     1
 Stab: Sleeping          |     1 |     1 ||     2
